 Dungeon Crawl Stone Soup version 0.32-a0-961-gd60f5e5fc7 (webtiles) character file.

Game seed: 486518599101130378

50829 Ofeo the Fighter (level 14, -10/112 HPs)
             Began as a Djinni Alchemist on Apr 17, 2024.
             Was a Believer of Ru.
             Killed from afar by an ice dragon (40 damage)
             ... with a blast of cold
             ... on level 4 of the Lair of Beasts.
             The game lasted 01:06:38 (22281 turns).

Ofeo the Fighter (Djinni Alchemist)                Turns: 22281, Time: 01:06:38

Health: -10/112    AC: 18    Str:  7    XL:     14   Next: 99%
Gold:   518        EV: 16    Int: 30    God:    Ru [**....] SH: 11 Dex: 13

rFire   + + .        a - +4 scimitar (venom)
rCold   x . .        v - +0 buckler
rNeg    . . .        D - +7 toga "Victory" {*Victory Int+7 Slay+7 Clar}
rPois   ∞            L - +0 helmet
rElec   .            f - +2 cloak {Will+}
rCorr   .            w - +0 pair of gloves
SInv    +            (boots unavailable)
Will    +++..        J - amulet of reflection
Stlth   ++++         M - +4 ring of slaying
HPRegen 0.38/turn    b - ring "Raav Moho" {Will+ AC+4 SInv}

%: inaccuracy (-5), reflection, clarity, infuse magic (-11 HP)
@: flying
A: sickness immunity, fire resistance 2, cold vulnerability 1, inability to
train armour, missing an eye, float, innate caster, HP casting, extra vitality 1
a: Renounce Religion


You were on level 4 of the Lair of Beasts.
You worshipped Ru.
Ru was pleased with you.
You visited 3 branches of the dungeon, and saw 16 of its levels.
You also visited: Sewer and Bailey.

You collected 969 gold pieces.
You spent 451 gold pieces at shops.

Inventory:

Hand Weapons
 a - a +4 scimitar of venom (weapon)
Missiles
 d - 2 throwing nets
 A - 6 curare-tipped darts
 E - 14 javelins
Armour
 f - a +2 cloak of willpower (worn)
 v - a +0 buckler (worn)
 w - a +0 pair of gloves (worn)
 D - the +7 toga "Victory" (worn) {*Victory Int+7 Slay+7 Clar}
   (You found it on level 8 of the Dungeon)

   *Victory:  When the wearer kills a threatening monster, it has a chance to
   gain +1 AC, +1 Slay, and +1 Int, capping at +7.
   When the wearer uses a scroll or a potion with a hostile monster in sight,
   its bonuses reset to +0.
   Unequipping it also resets its bonuses to +0.
   Int+7:     It affects your intelligence (+7).
   Slay+7:    It affects your accuracy & damage with ranged weapons and melee
   (+7).
   Clar:      It protects you from confusion, rage, mesmerisation and fear.
 L - a +0 helmet (worn)
Magical Staves
 C - a staff of conjuration
Jewellery
 b - the ring "Raav Moho" (right hand) {Will+ AC+4 SInv}
   (You acquired it on level 9 of the Dungeon)

   [ring of protection]

   AC+4:      It affects your AC (+4).
   Will+:     It increases your willpower.
   SInv:      It lets you see invisible.
 u - a ring of resist corrosion
 J - an amulet of reflection (around neck)
 M - a +4 ring of slaying (left hand)
 N - an amulet of the acrobat
 O - an amulet of regeneration
Wands
 c - a wand of flame (55)
 k - a wand of charming (10)
 n - a wand of light (9)
 x - a wand of iceblast (12) {@v4}
 H - a wand of digging (2) {@v1}
Scrolls
 i - 4 scrolls of identify {@r1}
 j - a scroll of vulnerability
 o - a scroll of blinking {@r4}
 t - 3 scrolls of poison
 y - 6 scrolls of teleportation {@r3}
 z - a scroll of silence
 B - 3 scrolls of fog
 F - 3 scrolls of fear
 P - a scroll of brand weapon
 Q - 2 scrolls of noise
 S - a scroll of revelation
Potions
 e - a potion of enlightenment
 g - 2 potions of cancellation
 h - 4 potions of heal wounds {@q2}
 l - a potion of lignification
 m - 4 potions of might {@q4}
 p - 4 potions of magic
 q - 7 potions of curing {@q1}
 r - 3 potions of resistance {@q6}
 s - 3 potions of haste {@q3}
 G - 2 potions of mutation
 I - 2 potions of invisibility
 K - 6 potions of brilliance
 R - 3 potions of attraction {unknown}


   Skills:
 + Level 14.4 Fighting
 + Level 13.1 Dodging
 - Level 8.0 Stealth
 + Level 10.7 Shields
 + Level 9.4 Spellcasting
 + Level 9.4 Conjurations
 + Level 9.4 Hexes
 + Level 9.4 Summonings
 + Level 9.4 Necromancy
 + Level 9.4 Translocations
 + Level 9.4 Fire Magic
 + Level 9.4 Ice Magic
 + Level 9.4 Air Magic
 + Level 9.4 Earth Magic
 + Level 9.4 Alchemy


You knew the following spells:

 Your Spells              Type           Power      Damage    Failure   Level
a - Sting                 Conj/Alch      100%       1d9       1%          1
b - Mercury Vapours       Alch/Air       100%       N/A       1%          2
c - Mephitic Cloud        Conj/Alch/Air  63%        N/A       1%          3
d - Olgreb's Toxic Radia  Alch           63%        N/A       1%          4
e - Sticky Flame          Fire/Alch      63%        2d11      1%          4
f - Summon Small Mammal   Summ           100%       N/A       1%          1
g - Jinxbite              Hex            100%       N/A       1%          2
h - Teleport Other        Tloc           63%        N/A       1%          3
i - Inner Flame           Hex/Fire       63%        N/A       1%          3
j - Brom's Barrelling Bo  Conj/Erth      63%        2d8       1%          4
k - Metabolic Englaciati  Hex/Ice        31%        N/A       3%          5
Your spell library was empty.

Dungeon Overview and Level Annotations

Branches:
Dungeon (11/15)            Temple (1/1) D:5            Lair (4/5) D:9
  Swamp (0/4) Lair:2       Spider (0/4) Lair:3          Orc (0/2) D:11
  Sewer (visited)          Bailey (visited)
  Slime: Lair:4-5

Altars:
Ashenzari
Cheibriados
Dithmenos
Elyvilon
Fedhas
Gozag
Hepliaklqana
Makhleb
Nemelex Xobeh
Okawaru
Qazlal
Ru
Trog
Uskayaw
Wu Jian
Xom
Yredelemnul
Zin
The Shining One

Shops:
D:1 (!   D:3 !   D:10 [   D:11 (


Innate Abilities, Weirdness & Mutations

You are immune to sickness and miasma.
You are immune to poison.
Your flesh is very heat resistant. (rF++)
You are vulnerable to cold. (rC-)
You cannot train Armour skill.
You are missing an eye, making it more difficult to aim.
You float through the air rather than walking.
You learn spells naturally, not from books.
Your magical power is your life essence.
You have superior vitality. (+4 MHP)


Message History

Your toxic aura wanes.
You see here an elephant corpse.
Your boulder slams into a wall and explodes!
You hear the crackling of a very distant melting archway.
An ice dragon comes into view.
The sticky flame hits the ice dragon!
The ice dragon is burned terribly!
The ice dragon is lightly wounded.
The ice dragon roars deafeningly!
You hear a shout!
The ice dragon burns!
You block the ice dragon's attack. x2
The ice dragon misses you.
You take 4 damage, and have 68/112 hp.
Casting: Sticky Flame (mildly dangerous; 1% risk of failure)
Confirm with . or Enter, or press ? or * to list all spells.
Okay, then.
Okay, then.
Okay, then.
Okay, then.
The ice dragon burns!
The ice dragon is engulfed in a cloud of scalding steam.
The ice dragon breathes frost at you. The blast of cold hits you!!!
You feel a terrible chill!
* * * LOW HITPOINT WARNING * * *
You take 35 damage, and have 33/112 hp.
MASSIVE DAMAGE!!
The ice dragon burns!
The ice dragon is engulfed in a cloud of scalding steam.
The ice dragon shakes off the sticky flame as it moves.
Casting: Sticky Flame (mildly dangerous; 1% risk of failure)
Confirm with . or Enter, or press ? or * to list all spells.
Aiming: Brom's Barrelling Boulder (mildly dangerous; 1% risk of failure)
Press: ? - help, Dir - move target, f/p - ice dragon
Aim: an ice dragon (freezing vapour, water, heavily wounded, 100% to hit)
You send a boulder barrelling forward!
* * * LOW HITPOINT WARNING * * *
The ice dragon is engulfed in freezing vapours.
The ice dragon breathes frost at you. The blast of cold hits your boulder!
Your boulder resists.
The blast of cold hits you!!!
You feel a terrible chill!
You die...
Ru respects your ultimate sacrifice.

..............~≈≈~.....~~
..............~≈≈~†~..≈~~
.........P.##.~≈≈≈≈~≈≈~≈≈
....P.##P.###..≈≈≈≈######
....## ####P...≈~≈##
....# ##....~~#
....#######...⌠..##
.......#.##......#
................@#
..<..†.†......~~*##
............~.~~D≈#
...######....~~≈≈§~≈#
...# ###..~≈#≈~#≈# ..##
#..~≈.:#≈≈≈~ ..#
#...~###≈≈≈... ..#
##...~~ ≈≈≈~... ..#
.....~ ~.~~~..


You could see an ice dragon (catching breath, ally target) and a friendly
boulder (rolling).

Vanquished Creatures
  Erolcha (D:9)
  2 hydras (Lair:3)
  2 boulder beetles
  2 two-headed ogres
  Erica (D:10)
  Urug (D:10)
  Sonja (D:10)
  Amaemon (Lair:3)
  A skyshark (Lair:2)
  A skeletal warrior (D:11)
  Pikel (D:5)
  An oklob plant (Lair:3)
  An ugly thing (D:8)
  A manticore (Lair:3)
  10 elephants
  Joseph (D:9)
  3 black mambas (Lair:3)
  10 cane toads
  A torpor snail (Lair:3)
  An orange demon (Lair:3)
  4 rime drakes (Lair:3)
  5 kobold demonologists
  13 komodo dragons
  4 trolls
  Grinder (D:5)
  7 dream sheep (Lair:3)
  14 blink frogs
  Sigmund (D:5)
  65 yaks
  A vampire (D:9)
  2 shadows
  6 basilisks
  A warg (D:11)
  A wraith (D:10)
  3 steam dragons
  3 wyverns
  Menkaure (D:6)
  An acid dragon (D:9)
  6 water moccasins
  Duvessa (D:5)
  3 sky beasts
  12 orc warriors
  4 black bears
  An ice beast (D:6)
  2 ogres (D:7)
  A crocodile (Sewer)
  5 wolves
  A phantom (D:5)
  4 centaurs
  16 kobold brigands
  14 bullfrogs
  A gnoll sergeant (D:8)
  2 scorpions
  5 wights
  Dowan (D:5)
  27 killer bees
  8 electric eels
  2 howler monkeys
  A bombardier beetle (D:5)
  5 hounds
  4 orc priests
  A gnoll bouda (D:8)
  7 iguanas
  Jessica (D:3)
  Ijyb (D:4)
  10 orc wizards
  Robin (D:4)
  19 gnolls
  9 adders
  2 river rats (Sewer)
  A shadow imp (D:5)
  3 white imps
  2 ufetubi (D:5)
  2 dart slugs
  4 ribbon worms
  41 orcs
  8 ball pythons
  11 endoplasms
  9 giant cockroaches
  16 goblins
  13 hobgoblins
  4 jackals (D:1)
  6 quokkas
  8 bats
  3 frilled lizards
  24 kobolds
  3 rats
511 creatures vanquished.

Vanquished Creatures (collateral kills)
  A water moccasin (D:6)
  A phantom (D:6)
  A river rat (Sewer)
  16 boulders
19 creatures vanquished.

Vanquished Creatures (others)
  A meliai (Lair:3)
  22 boulders
23 creatures vanquished.

Grand Total: 553 creatures vanquished

Notes
Turn   | Place    | Note
-------+----------+-------------------------------------------
     0 | D:1      | Ofeo the Djinni Alchemist began the quest for the Orb.
     0 | D:1      | Ofeo set off with the following spells memorised: Sting,
                  | Mercury Vapours, Mephitic Cloud, Olgreb's Toxic Radiance,
                  | Sticky Flame.
     0 | D:1      | Reached XP level 1. HP: 15/15 MP: 0/0
    77 | D:1      | Reached XP level 2. HP: 13/21 MP: 0/0
   191 | D:1      | Found Eruneir's Weapon Boutique.
   666 | D:1      | Found Kutirphe's Distillery.
   738 | D:1      | Reached XP level 3. HP: 22/25 MP: 0/0
   738 | D:1      | Learned a level 1 spell: Summon Small Mammal
  1533 | D:2      | Reached XP level 4. HP: 13/31 MP: 0/0
  2126 | D:3      | You are sucked into a shaft and drop 3 floors!
  2167 | D:6      | Reached XP level 5. HP: 20/35 MP: 0/0
  2167 | D:6      | Learned a level 2 spell: Jinxbite
  2179 | D:6      | Noticed Menkaure
  2373 | D:6      | Found a glowing drain.
  2385 | Sewer    | Entered a sewer
  2424 | Sewer    | Noticed a kobold brigand
  2445 | Sewer    | Killed a kobold brigand
  2446 | Sewer    | Reached XP level 6. HP: 31/40 MP: 0/0
  2500 | Sewer    | Noticed a crocodile
  2513 | Sewer    | Killed a crocodile
  2533 | Sewer    | Reached XP level 7. HP: 27/45 MP: 0/0
  2533 | Sewer    | Learned a level 3 spell: Teleport Other
  2677 | Sewer    | Reached skill level 5 in Spellcasting
  2677 | Sewer    | Reached skill level 5 in Conjurations
  2677 | Sewer    | Reached skill level 5 in Hexes
  2677 | Sewer    | Reached skill level 5 in Summonings
  2677 | Sewer    | Reached skill level 5 in Necromancy
  2677 | Sewer    | Reached skill level 5 in Translocations
  2677 | Sewer    | Reached skill level 5 in Fire Magic
  2677 | Sewer    | Reached skill level 5 in Ice Magic
  2677 | Sewer    | Reached skill level 5 in Air Magic
  2677 | Sewer    | Reached skill level 5 in Earth Magic
  2677 | Sewer    | Reached skill level 5 in Alchemy
  3229 | D:6      | Killed Menkaure
  3230 | D:6      | Reached XP level 8. HP: 18/50 MP: 0/0
  4594 | D:7      | Reached XP level 9. HP: 32/55 MP: 0/0
  4594 | D:7      | Learned a level 3 spell: Inner Flame
  4785 | D:7      | Reached skill level 1 in Fighting
  4847 | D:7      | Reached skill level 2 in Fighting
  5015 | D:7      | Reached skill level 3 in Fighting
  5026 | D:7      | Reached skill level 4 in Fighting
  5232 | D:7      | Reached skill level 5 in Fighting
  5300 | D:6      | Reached skill level 12 in Fighting
  5300 | D:6      | Reached XP level 10. HP: 85/85 MP: 0/0
  5388 | D:7      | Reached skill level 1 in Shields
  5389 | D:7      | Found a bloodstained altar of Trog.
  7097 | D:8      | Noticed a red ugly thing
  7111 | D:8      | Killed a green ugly thing
  7112 | D:8      | Reached XP level 11. HP: 62/90 MP: 0/0
  7112 | D:8      | Learned a level 4 spell: Brom's Barrelling Boulder
  7471 | D:8      | Found an iron altar of Okawaru.
  7473 | D:8      | Found a runed translucent door.
  7528 | D:8      | Noticed a two-headed ogre
  7529 | D:8      | Found the +0 toga "Victory" {*Victory Clar}
  7634 | D:5      | Entered Level 5 of the Dungeon
  7713 | D:8      | Reached skill level 5 in Shields
  7757 | D:8      | Killed a two-headed ogre
  7904 | D:8      | Identified a scroll of acquirement
  7904 | D:8      | Acquired a +1 cloak of willpower
  8020 | D:5      | Found a staircase to the Ecumenical Temple.
  8068 | Temple   | Entered the Ecumenical Temple
  8165 | Temple   | Became a worshipper of Ru the Awakened
  8373 | D:5      | Noticed Sigmund
  8381 | D:5      | Killed Sigmund
  8435 | D:5      | Noticed Duvessa
  8436 | D:5      | Noticed Dowan
  8443 | D:5      | Killed Duvessa
  8444 | D:5      | Noticed Pikel
  8449 | D:5      | Killed Dowan
  8451 | D:5      | Killed Pikel
  8813 | D:5      | Found a glowing golden altar of the Shining One.
  8939 | D:5      | Noticed Grinder
  8948 | D:5      | Killed Grinder
  9413 | D:4      | Noticed Robin
  9420 | D:4      | Killed Robin
  9745 | D:4      | Noticed Ijyb
  9749 | D:4      | Killed Ijyb
 10231 | D:3      | Noticed Jessica
 10234 | D:3      | Killed Jessica
 10525 | D:3      | Found Aqett's Distillery.
 10533 | D:3      | Bought a potion of brilliance for 40 gold pieces
 11074 | D:1      | Bought 2 potions of brilliance for 112 gold pieces
 11074 | D:1      | Bought a potion of might for 56 gold pieces
 11345 | D:9      | Noticed Erolcha
 11345 | D:9      | Found a shadowy altar of Dithmenos.
 11361 | D:9      | Killed Erolcha
 11362 | D:9      | Reached skill level 5 in Dodging
 11407 | D:9      | Found a glowing silver altar of Zin.
 11530 | D:9      | Gained mutation: You cannot train Armour skill. [Ru
                  | sacrifice]
 11530 | D:9      | Reached * piety under Ru
 11588 | D:9      | Noticed Joseph
 11600 | D:9      | Killed Joseph
 11613 | D:9      | Reached XP level 12. HP: 22/96 MP: 0/0
 11618 | D:9      | Found a flagged portal.
 11746 | Bailey   | Entered a bailey
 12897 | Bailey   | Found an iron altar of Okawaru.
 13215 | D:9      | Found a staircase to the Lair.
 13576 | D:9      | Found a stormy altar of Qazlal.
 13990 | D:9      | Acquired the ring "Raav Moho" {Will+ AC+4 SInv}
 14029 | D:10     | Entered Level 10 of the Dungeon
 14031 | D:10     | Noticed Urug
 14038 | D:10     | Noticed Sonja
 14040 | D:10     | Killed Urug
 14041 | D:10     | Reached skill level 10 in Dodging
 14049 | D:10     | Killed Sonja
 14393 | D:10     | Noticed Erica
 14405 | D:10     | Killed Erica
 14522 | D:10     | Found Foaff's Antique Armour Boutique.
 14526 | D:10     | Bought a dazzling ring mail for 243 gold pieces
 14526 | D:10     | Identified the +0 ring mail "Ucaetano" {Harm rF- rN+++
                  | Int+2} (You bought it in a shop on level 10 of the Dungeon)
 14678 | D:10     | Identified the +4 rapier "Juimeqik" {flame, rN++}
 15180 | D:11     | Found Egoag's Weapon Shop.
 15352 | D:11     | Found a staircase to the Orcish Mines.
 15365 | D:11     | Noticed a two-headed ogre
 15369 | D:11     | Killed a two-headed ogre
 15378 | D:11     | Reached XP level 13. HP: 41/102 MP: 0/0
 15378 | D:11     | Learned a level 5 spell: Metabolic Englaciation
 15522 | D:11     | Reached skill level 5 in Stealth
 15867 | D:11     | Reached skill level 13 in Fighting
 16443 | Lair:1   | Entered Level 1 of the Lair of Beasts
 16610 | Lair:1   | Gained mutation: You are missing an eye, making it more
                  | difficult to aim. [Ru sacrifice]
 16610 | Lair:1   | Reached ** piety under Ru
 17140 | Lair:1   | You are sucked into a shaft and drop 1 floor!
 17832 | Lair:1   | Identified the ring "Qepow" {Str+3 SInv Stlth+}
 18685 | Lair:2   | Reached XP level 14. HP: 94/110 MP: 0/0
 18864 | Lair:2   | Found a staircase to the Swamp.
 19142 | Lair:3   | Noticed Amaemon
 19383 | Lair:3   | Found a hole to the Spider Nest.
 19876 | Lair:3   | Killed Amaemon
 20203 | Lair:3   | Found a burning altar of Makhleb.
 20598 | Lair:3   | Reached skill level 10 in Shields
 21009 | Lair:3   | Reached skill level 14 in Fighting
 22281 | Lair:4   | Killed from afar by an ice dragon

Illustrated notes

Levels and vault maps discovered:
D:1:      spicycebolla_arrival_clurvy, layout_loops_ring, serial_shops,
          nicolae_shop_statue_plus, nicolae_shop_tiny_glass, minmay_pentomino_p4
D:2:      layout_basic
D:3:      layout_basic, serial_shops, nicolae_shop_industrial_runoff,
          item_on_display_a, uniq_jessica
D:4:      layout_basic, st_stairs_6, uniq_robin, uniq_ijyb
D:5:      layout_cave_pools, mainiacjoe_overflow_cross_hatched,
          temple_fountains, kennysheep_generic_room_6, uniq_pikel, uniq_sigmund,
          uniq_grinder, uniq_duvessa
D:6:      layout_loops_ring, gup_sewer_entry_pipe, uniq_menkaure
D:7:      layout_loops_ring, mainiacjoe_overflow_chevrons, serial_park_tiny_1
D:8:      kennysheep_six_static_rooms, layout_basic,
          nicolae_overflow_guarded_unrand_okawaru_victory
D:9:      layout_irregular_city, nicolae_qazlal_style_of_elements,
          mainiacjoe_overflow_large_starburst, lair_entry_dummy, enter_bailey_3,
          uniq_joseph, uniq_erolcha
D:10:     layout_loops_ring, serial_shops, shop, uniq_urug, uniq_sonja,
          uniq_erica
D:11:     layout_basic, erik_orc_3, serial_shops,
          nicolae_shop_bloodbath_and_beyond
Temple:   nicolae_temple_superstar
Lair:1:   layout_gridlike
Lair:2:   layout_chaotic_city, swamp_mist
Lair:3:   nzn_winding_woodlands_large [nzn_winding_woodlands_5x5_default,
          nzn_winding_woodlands_5x15_lazy_stream,
          nzn_winding_woodlands_5x5_checkerboard,
          nzn_winding_woodlands_center_garden,
          nzn_winding_woodlands_15x15_killbox,
          nzn_winding_woodlands_center_lodge,
          nzn_winding_woodlands_5x5_closed_star,
          nzn_winding_woodlands_5x15_longhouse,
          nzn_winding_woodlands_5x5_cross], layout_cave_pods,
          hellmonk_spider_entry_not_the_bees, basic_altar, st_stairs_10,
          lemuel_fruit_fields, uniq_amaemon
Lair:4:   layout_big_grid, portal_ice_cave_entry_ice_simulacra,
          bobbens_ice_dragon_lair

Skill      XL: |  1  2  3  4  5  6  7  8  9 10 11 12 13 14 |
---------------+-------------------------------------------+-----
Stealth        | 2 3 4 7 8 |  8.0
Dodging        | 3 4 7 11 12 13 | 13.1
Spellcasting   | 4 6 7 8 9 |  9.4
Conjurations   | 4 6 7 8 9 |  9.4
Hexes          | 4 6 7 8 9 |  9.4
Summonings     | 4 6 7 8 9 |  9.4
Necromancy     | 4 6 7 8 9 |  9.4
Translocations | 4 6 7 8 9 |  9.4
Fire Magic     | 4 6 7 8 9 |  9.4
Ice Magic      | 4 6 7 8 9 |  9.4
Air Magic      | 4 6 7 8 9 |  9.4
Earth Magic    | 4 6 7 8 9 |  9.4
Alchemy        | 4 6 7 8 9 |  9.4
Fighting       | 12 13 14 | 14.4
Shields        | 4 8 9 10 | 10.7

Action                     |  1- 3 |  4- 6 |  7- 9 | 10-12 | 13-15 || total
---------------------------+-------+-------+-------+-------+-------++-------
  Melee: Unarmed           |     1 |       |       |       |       ||     1
         Mace              |     5 |    12 |    13 |       |       ||    30
         Scimitar          |       |       |       |   172 |   234 ||   406
  Throw: Javelin           |       |     7 |       |       |       ||     7
   Cast: Sting             |    59 |    66 |   107 |    41 |     3 ||   276
         Mephitic Cloud    |       |     4 |     1 |    19 |     2 ||    26
         Mercury Vapours   |       |     4 |     1 |     1 |     1 ||     7
         Summon Small Mamm |       |     4 |    23 |     2 |     3 ||    32
         Sticky Flame      |       |       |    12 |    34 |    48 ||    94
         Teleport Other    |       |       |     3 |       |       ||     3
         Olgreb's Toxic Ra |       |       |     3 |    92 |    53 ||   148
         Brom's Barrelling |       |       |       |    37 |    26 ||    63
         Metabolic Englaci |       |       |       |       |    16 ||    16
         Inner Flame       |       |       |       |       |     5 ||     5
 Invoke: Sacrifice Durabil |       |       |       |     1 |       ||     1
         Sacrifice an Eye  |       |       |       |       |     1 ||     1
         Reject Sacrifices |       |       |       |       |     1 ||     1
  Evoke: Wand              |       |       |       |     3 |       ||     3
    Use: Scroll            |       |       |    12 |    19 |     1 ||    32
         Potion            |       |       |     1 |     1 |       ||     2
   Stab: Invisible         |       |       |       |     1 |       ||     1
         Sleeping          |       |       |       |     6 |     6 ||    12
         Confused          |       |       |       |     1 |     1 ||     2
         Distracted        |       |       |       |     1 |     2 ||     3
 Armour: Robe              |    19 |    13 |    36 |   144 |   160 ||   372
  Dodge: Dodged            |    14 |    22 |    45 |   155 |   176 ||   412
  Block: Buckler           |       |       |       |    52 |   165 ||   217
         Reflection        |       |       |       |     5 |     4 ||     9

Table legend: (Time is in decaauts)
 A = Elapsed time spent in this place.
 B = Non-inter-level travel time spent in this place.
 C = Inter-level travel time spent in this place.
 D = Time resting spent in this place.
 E = Time spent auto-exploring this place.
 F = Levels seen in this place.
 G = Mean time per level.
                   A        B        C        D        E       F      G
               +--------+--------+--------+--------+--------+-----+--------+
         Total |  22493 |  21228 |   1265 |   2375 |  14993 |  18 | 1249.6 |
       Dungeon |  14179 |  13118 |   1061 |   1092 |   9939 |  11 | 1289.0 |
        Temple |    114 |    114 |      0 |      0 |      0 |   1 |  114.0 |
          Lair |   5946 |   5744 |    202 |    548 |   4154 |   4 | 1486.5 |
         Sewer |    813 |    813 |      0 |    244 |    323 |   1 |  813.0 |
        Bailey |   1439 |   1439 |      0 |    491 |    577 |   1 | 1439.0 |
               +--------+--------+--------+--------+--------+-----+--------+

Top non-repeatable levels by time:
  Lair:3: 2813 daAuts
     D:6: 1772 daAuts
     D:8: 1740 daAuts
     D:7: 1685 daAuts
  Lair:2: 1609 daAuts
     D:9: 1519 daAuts
  Bailey: 1439 daAuts
    D:11: 1433 daAuts
  Lair:1: 1363 daAuts
     D:4: 1227 daAuts
     D:2: 1143 daAuts
     D:3: 986 daAuts
     D:1: 981 daAuts
     D:5: 951 daAuts
   Sewer: 813 daAuts
